AoeStats
← Mokute

Four Lakes

503566487Analyzed
4v4 RM · 1mo ago on Sep 1, 2026· 53m 20s· 8 players
Game mode
Random Map
Map size
Large (8 player)
Population
200
Speed
Normal
Resources
Standard
Victory
Conquest
Starting age
Dark Age
Ending age
Imperial Age
RankedLock teamsTeams togetherTeam positionsShared explorationLock speedFull tech treeHidden civsTurbo modeCheats
Victory
Defeat
🇮🇳 Malay · India
1055
+13
🇯🇵 Huns · Japan
987
+16
🇮🇳 Poles · India
978
+17
🇯🇵 Bohemians · Japan
936
+44
🇨🇳 Gurjaras · China
1065
-19
🇫🇷 Dravidians · France
1006
-17
🇵🇱 Spanish · Poland
999
-16
🇭🇰 Shu · Hong Kong SAR China
919
-13
Capt. Abisto
0:34 Loom
12:52 Feudal Age
13:24 Horse Collar
13:38 Double-Bit Axe
18:17 Castle Age
16:44 Gold Mining
16:46 Stone Mining
19:52 Scale Barding Armor
19:58 Forging
24:51 Bow Saw
24:43 Heavy Plow
25:46 Wheelbarrow
26:55 Masonry
27:22 Bloodlines
27:14 Husbandry
26:36 Light Cavalry
29:56 Imperial Age
29:00 Iron Casting
28:09 Light Cavalry
31:01 Szlachta Privileges
31:17 Conscription
31:20 Chain Barding Armor
31:55 Crop Rotation
32:14 Hand Cart
31:35 Cavalier
34:03 Blast Furnace
33:50 Stone Shaft Mining
37:15 Winged Hussar
41:07 Lechitic Legacy
ektum_inside
4:42 Loom
11:25 Feudal Age
11:52 Double-Bit Axe
12:50 Fishing Lines
14:51 Gold Mining
15:00 Town Watch
17:00 Town Watch
17:47 Stone Mining
17:40 Horse Collar
20:46 Castle Age
19:07 Fletching
20:23 Gillnets
20:45 Bow Saw
24:06 Husbandry
23:27 Light Cavalry
24:15 Heavy Plow
25:36 Forging
27:01 Wheelbarrow
28:32 Iron Casting
32:28 Imperial Age
31:22 Scale Barding Armor
34:30 Hand Cart
34:54 Crop Rotation
34:47 Conscription
34:40 Elite Battle Elephant
36:14 Forced Levy
38:02 Blast Furnace
37:04 Bodkin Arrow
37:18 Treadmill Crane
38:39 Chemistry
38:24 Town Patrol
39:26 Squires
39:11 Arson
38:47 Man-at-Arms
40:11 Bracer
40:52 Siege Engineers
41:08 Ballistics
41:35 Long Swordsman
44:04 Gold Shaft Mining
44:06 Stone Shaft Mining
43:43 Two-Handed Swordsman
47:49 Pikeman
51:45 Capped Ram
Mokute
10:55 Feudal Age
14:18 Double-Bit Axe
19:23 Horse Collar
41:47 Castle Age
42:21 Scale Mail Armor
45:50 Pikeman
47:10 Bow Saw
47:32 Heavy Plow
50:47 Squires
50:33 Arson
LWwcnm
12:01 Feudal Age
13:53 Bloodlines
14:27 Fishing Lines
16:26 Double-Bit Axe
18:55 Castle Age
17:02 Gold Mining
19:25 Loom
19:39 Light Cavalry
20:20 Husbandry
20:37 Stone Mining
21:41 Wheelbarrow
22:47 Gillnets
23:27 Hand Cart
23:56 Scale Barding Armor
24:02 Forging
24:01 Horse Collar
24:48 Heavy Plow
26:14 Chain Barding Armor
27:22 Bow Saw
28:06 Fletching
30:44 Ballistics
31:10 Gold Shaft Mining
31:30 Bodkin Arrow
34:28 Imperial Age
34:38 Imperial Age
33:02 Clinker Construction
32:50 Murder Holes
34:07 Padded Archer Armor
34:38 Town Watch
34:53 Heavy Cavalry Archer
35:59 Parthian Tactics
36:37 Chemistry
36:20 Conscription
36:21 Cavalier
37:21 Bracer
37:40 Leather Archer Armor
39:17 Plate Barding Armor
38:53 Marauders
39:47 Elite Tarkan
42:55 Iron Casting
47:15 Blast Furnace
47:02 Paladin
M1K3
7:33 Loom
12:16 Feudal Age
12:56 Double-Bit Axe
18:46 Castle Age
18:37 Fishing Lines
19:20 Town Watch
20:11 Wheelbarrow
20:00 Gold Mining
20:05 Stone Mining
23:37 Fortified Wall
24:21 Gillnets
27:02 Stone Shaft Mining
26:34 Caravan
27:41 Masonry
28:09 Horse Collar
28:46 Bow Saw
30:35 Husbandry
30:45 Bloodlines
35:09 Imperial Age
33:50 Heavy Plow
35:24 Fletching
35:34 Padded Archer Armor
35:22 Cavalier
36:30 Scale Barding Armor
36:27 Scale Mail Armor
36:37 Forging
36:23 Bodkin Arrow
36:43 Paladin
41:42 Sappers
42:35 Conscription
43:47 Hand Cart
44:56 Elite Conquistador
gombert.alexandre
1:04 Loom
13:37 Feudal Age
14:09 Man-at-Arms
15:02 Double-Bit Axe
16:48 Wheelbarrow
16:26 Forging
17:01 Fishing Lines
23:15 Castle Age
23:34 Long Swordsman
24:17 Squires
24:44 Pikeman
25:50 Bow Saw
25:33 Gillnets
26:37 Gold Mining
26:34 Horse Collar
27:09 Scale Mail Armor
28:47 Arson
29:34 Chain Mail Armor
30:21 Hand Cart
33:23 Iron Casting
33:16 Stone Mining
37:44 Imperial Age
37:44 Halberdier
39:27 Blast Furnace
39:56 Plate Mail Armor
40:31 Conscription
41:43 Fletching
46:02 Wootz Steel
46:52 Bodkin Arrow
48:11 Heavy Plow
ccpui1203
0:26 Loom
11:47 Feudal Age
16:45 Castle Age
15:22 Double-Bit Axe
20:46 Wheelbarrow
21:53 Bow Saw
22:04 Stone Mining
23:01 Hand Cart
23:20 Fishing Lines
24:34 Gillnets
26:59 Fletching
30:10 Imperial Age
27:58 Crossbowman
28:44 Thumb Ring
28:53 Squires
28:41 Arson
29:56 Gold Mining
30:23 Bodkin Arrow
30:28 Padded Archer Armor
32:26 Two-Man Saw
31:54 Arbalester
32:38 Bracer
32:53 Leather Archer Armor
32:49 Forging
32:39 Scale Mail Armor
33:04 Conscription
36:56 Horse Collar
37:50 Ring Archer Armor
37:36 Chain Mail Armor
37:46 Bolt Magazine
37:08 Elite White Feather Guard
39:24 Gold Shaft Mining
41:22 Hoardings
40:47 Coiled Serpent Array
41:14 Heavy Plow
47:36 Plate Mail Armor
T - T
6:35 Loom
6:47 Loom
10:04 Feudal Age
14:37 Fletching
19:10 Castle Age
18:53 Double-Bit Axe
24:49 Horse Collar
28:21 Bloodlines
28:39 Bow Saw
29:10 Forging
35:45 Imperial Age
34:06 Scale Barding Armor
33:57 Bodkin Arrow
35:52 Thumb Ring
36:36 Padded Archer Armor
37:12 Iron Casting
37:52 Wheelbarrow
38:35 Bracer
38:50 Leather Archer Armor
41:04 Husbandry
Connection lost

Rejoining the realm…

Still unreachable

The connection could not be restored.

Session expired

The server has moved on; the page needs a fresh start.